 Dungeon Crawl Stone Soup version 0.23-a0-370-gf497b7c (webtiles) character file.

5 Amnesiac the Digger (level 1, -2/11 HPs)
             Began as an Octopode Earth Elementalist on Oct 24, 2018.
             Killed from afar by a dart slug (5 damage)
             ... with a slug dart
             ... on level 1 of the Dungeon.
             The game lasted 00:00:37 (39 turns).

Amnesiac the Digger (Octopode Earth Elementalist)     Turns: 39, Time: 00:00:38

Health: -2/11      AC:  1    Str:  7    XL:     1   Next: 80%
Magic:  3/3        EV: 13    Int: 17    God:
Gold:   0          SH:  0    Dex: 12    Spells: 3/4 levels left

rFire    . . .     SeeInvis .   (no weapon)
rCold    . . .     Gourm    .   (no shield)
rNeg     . . .     Faith    .   (helmet restricted)
rPois    .         Spirit   .   (no amulet)
rElec    .         Reflect  .   (no ring)
rCorr    .         Harm     .   (no ring)
MR       .....                  (no ring)
Stlth    +++.......             (no ring)
HPRegen  0.03/turn              (no ring)
MPRegen  0.08/turn              (no ring)
                                (no ring)
                                (no ring)

@: no status effects
A: almost no armour, stealthy swim, amphibious, 8 rings, constrict 8, camouflage
1, gelatinous body 1
a: no special abilities


You were on level 1 of the Dungeon.
You were not hungry.

You visited 1 branch of the dungeon, and saw 1 of its levels.

Inventory:

Missiles
 b - 30 stones (quivered)
Comestibles
 a - a chunk of flesh
 c - a ration


   Skills:
 - Level 2.0 Dodging
 + Level 2.9 Stealth
 + Level 2.1 Spellcasting
   Level 1.0 Transmutations
 * Level 3.2 Earth Magic


You had 3 spell levels left.
You knew the following spells:

 Your Spells              Type           Power        Failure   Level  Hunger
a - Sandblast             Erth           ##....       5%          1    #......

Your spell library contained the following spells:

 Spells                   Type           Power        Failure   Level  Hunger
 Passwall                 Tmut/Erth      #.......     12%         2    ###....
 Stone Arrow              Conj/Erth      #.....       30%         3    ###....
 Petrify                  Tmut/Erth      #.......     63%         4    #####..
 Lee's Rapid Deconstruct  Erth           ##........   82%         5    ######.


Dungeon Overview and Level Annotations

Branches:
Dungeon (1/15)

Altars:


Innate Abilities, Weirdness & Mutations

You cannot wear most types of armour.
You are very stealthy in the water. (Stealth+)
You are amphibious.
You can wear up to eight rings at the same time.
You can use your tentacles to constrict eight enemies at once.
Your skin changes colour to match your surroundings (Stealth+).
Your rubbery body absorbs attacks. (AC +1, EV +1)


Message History

You tentacle-slap the ball python but do no damage.
The ball python bites you but does no damage.
The ball python grabs you. The ball python constricts you.
The ball python bites you. The ball python constricts you.
You tentacle-slap the ball python. You grab the ball python.
You squeeze the ball python, but do no damage.
The ball python is moderately wounded.
You constrict the ball python, but do no damage.
The ball python bites you but does no damage.
The ball python constricts you.
You tentacle-slap the ball python.
The ball python is severely wounded.
You constrict the ball python.
You kill the ball python!
You tentacle-slap the goblin. You grab the goblin.
The goblin is moderately wounded.
You constrict the goblin. The goblin hits you with a +0 club.
You tentacle-slap the goblin.
You kill the goblin!
You tentacle-slap the rat. You grab the rat.
The rat is severely wounded.
You constrict the rat.
You kill the rat!
No target in view!
Things that are here:
a +0 club; a rat corpse You butcher the rat corpse.
a - a chunk of flesh
Things that are here:
a +0 club; a rat skeleton There isn't anything to butcher here.
You start resting.
A goblin comes into view. It is wielding a +0 club.
The goblin shouts!
A rat comes into view.
Found 15 gold pieces.
A dart slug comes into view.
Found a scroll labeled ZEIMESHROUL.
You tentacle-slap the goblin.
The goblin is heavily wounded.
The goblin barely misses you.
You miss the goblin.
The goblin is heavily wounded.
The goblin hits you with a +0 club.
* * * LOW HITPOINT WARNING * * *
You barely miss the goblin. You grab the goblin.
The goblin is heavily wounded.
You constrict the goblin. The goblin closely misses you.
You barely miss the goblin.
The goblin is severely wounded.
You constrict the goblin.
You kill the goblin!
You closely miss the rat. The rat bites you.
* * * LOW HITPOINT WARNING * * *
Things that are here:
a +0 club; a rat skeleton You barely miss the rat.
You grab the rat. You squeeze the rat, but do no damage. You constrict the rat.
The rat closely misses you.
You tentacle-slap the rat.
You kill the rat!
The dart slug launches a dart at you. The slug dart hits you!
You die...

... #.###.$.# ...
...#.... . ### ..
...#..# .. ... ..
....#..#.#. ..# #.
#........... #.##.
#.###........
#.#.#.###.........
#.#.###w..)......
#<#@†)..........
#.#.###..........
#.#.#.###.........
#.##.
#.###......$? ..#
# #.......##.. ...
......... . ##.
#....... . .......


You could see a dart slug.

Vanquished Creatures
  A ball python (D:1)
  2 goblins (D:1)
  2 rats (D:1)
5 creatures vanquished.

Notes
Turn   | Place    | Note
-------+----------+-------------------------------------------
     0 | D:1      | Amnesiac the Octopode Earth Elementalist began the quest
                  | for the Orb.
     0 | D:1      | Reached XP level 1. HP: 11/11 MP: 3/3
    39 | D:1      | Killed from afar by a dart slug

Vault maps used:
D:1:      roderic_crossed_star, minmay_distorted

Action                   || total
-------------------------++-------
Melee: Unarmed           ||    13
       Constrict         ||     5
       Tentacles         ||     2
Armor: Skin              ||     2
Dodge: Dodged            ||     3

Table legend:
 A = Non-vault XP
 B = Vault XP
 C = Vault XP percentage of total XP
 D = Non-vault monster count
 E = Vault monster count
 F = Vault count percentage of total count
                 A         B        C        D         E       F
            +---------+---------+-------+---------+---------+-------
      Total |       8 |       0 |   0.0 |       5 |       0 |   0.0
            +---------+---------+-------+---------+---------+-------
        D:1 |       8 |       0 |   0.0 |       5 |       0 |   0.0
            +---------+---------+-------+---------+---------+-------
